 Dungeon Crawl Stone Soup version 0.21-a0-278-ga722497 (webtiles) character file.

70 Maldoror the Magician (level 3, -4/26 HPs)
             Began as a Demigod Wizard on Sept 21, 2017.
             Slain by Grinder (5 damage)
             ... while paralysed by Grinder
             ... on level 3 of the Dungeon.
             The game lasted 00:08:25 (2428 turns).

Maldoror the Magician (Demigod Wizard)              Turns: 2428, Time: 00:08:26

Health: -4/26      AC:  3    Str: 10    XL:     3   Next: 76%
Magic:  2/11       EV:  2    Int: 24    God:
Gold:   91         SH:  0    Dex: 14    Spells: 0/9 levels left

rFire    + . .     SeeInvis .   g - +0 spear
rCold    x . .     Gourm    .   (no shield)
rNeg     . . .     Faith    .   a - +0 robe
rPois    .         Spirit   .   b - +0 hat
rElec    .         Reflect  .   (no cloak)
rCorr    .         Harm     .   (no gloves)
MR       .....                  n - +0 pair of boots
Stlth    ++........             (no amulet)
HPRegen  0.08/turn              e - ring of fire
MPRegen  0.12/turn              (no ring)

@: paralysed
A: high mp 1
a: no special abilities


You were on level 3 of the Dungeon.
You were not hungry.

You visited 1 branch of the dungeon, and saw 3 of its levels.

You collected 91 gold pieces.

Inventory:

Hand Weapons
 g - a +0 spear (weapon)
Armour
 a - a +0 robe (worn)
 b - a +0 hat (worn)
 n - a +0 pair of boots (worn)
Jewellery
 e - a ring of fire (left hand)
Scrolls
 h - a scroll of enchant weapon {unknown}
 o - a scroll of identify {unknown}
Potions
 j - a potion of mutation {unknown}
 l - 2 potions of curing {unknown}
 m - a potion of invisibility {unknown}
Books
 c - a book of Minor Magic

   Spells                             Type                      Level
   a - Magic Dart                     Conjuration                  1
   b - Blink                          Translocation                2
   c - Call Imp                       Summoning                    2
   d - Slow                           Hexes                        2
   e - Conjure Flame                  Conjuration/Fire             3
   f - Mephitic Cloud                 Conjuration/Poison/Air       3
Comestibles
 d - a bread ration
 f - 2 fruits
 i - 2 royal jellies
 k - 7 chunks of flesh
 p - a meat ration


   Skills:
 - Level 1.7 Dodging
 - Level 1.7 Stealth
 + Level 3.7 Spellcasting
 * Level 2.2 Conjurations
 - Level 0.8 Summonings
   Level 0.8 Translocations


You couldn't memorise any spells.
You knew the following spells:

 Your Spells              Type           Power        Failure   Level  Hunger
a - Magic Dart            Conj           ###.         4%          1    None
b - Conjure Flame         Conj/Fire      ##......     19%         3    ###....
c - Mephitic Cloud        Conj/Pois/Air  #.......     22%         3    ###....
d - Call Imp              Summ           #.......     11%         2    #......


Dungeon Overview and Level Annotations

Branches:
Dungeon (3/15)

Annotations:
D:3 Grinder


Innate Abilities, Weirdness & Mutations

You have an increased reservoir of magic. (+10% MP)


Message History

Aiming: Magic Dart
Press: ? - help, Shift-Dir - straight line, f/p - Grinder
Aim: Grinder (severely wounded)
The magic dart hits Grinder.
Grinder is almost dead.
Casting: Magic Dart
Confirm with . or Enter, or press ? or * to list all spells.
Aiming: Magic Dart
Press: ? - help, Shift-Dir - straight line, f/p - Grinder
Aim: Grinder (almost dead)
The magic dart hits Grinder.
Grinder is almost dead.
Grinder gestures at you.
You suddenly lose the ability to move!
Grinder hits you!
You writhe in agony.
Grinder barely misses you. Grinder hits you!
* * * LOW HITPOINT WARNING * * *
You writhe in agony.
You die...

#.......#
..#
#.......##
..#
#........#
##
#.#........#
#........#.#
#######.##)#
#.##[#
#.##5#
#.##@#
#....#
######


You could see Grinder.

Vanquished Creatures
  2 adders
  A dart slug (D:1)
  2 orcs (D:3)
  A ball python (D:2)
  6 bats
  3 giant cockroaches
  8 hobgoblins
  4 frilled lizards
  3 goblins
  8 kobolds
  6 rats
44 creatures vanquished.

Vanquished Creatures (collateral kills)
  2 orcs (D:3)
  A rat (D:3)
3 creatures vanquished.

Grand Total: 47 creatures vanquished

Notes
Turn   | Place    | Note
-------+----------+-------------------------------------------
     0 | D:1      | Maldoror the Demigod Wizard began the quest for the Orb.
     0 | D:1      | Reached XP level 1. HP: 14/14 MP: 6/6
   292 | D:1      | Reached skill level 3 in Spellcasting
   292 | D:1      | Reached skill level 1 in Conjurations
   482 | D:1      | Reached XP level 2. HP: 13/20 MP: 2/8
  1462 | D:2      | Reached XP level 3. HP: 26/26 MP: 7/10
  1695 | D:1      | Learned a level 3 spell: Conjure Flame
  1699 | D:1      | Learned a level 3 spell: Mephitic Cloud
  1702 | D:1      | Learned a level 2 spell: Call Imp
  2249 | D:3      | Found a glowing golden altar of the Shining One.
  2253 | D:3      | Noticed Grinder
  2256 | D:3      | Paralysed by Grinder for 4 turns
  2423 | D:3      | Paralysed by Grinder for 7 turns
  2428 | D:3      | HP: 1/26 [Grinder (11)]
  2428 | D:3      | Slain by Grinder

Vault maps used:
D:1:      nagdon_arrival_double_spiral, hex_intersection
D:3:      tso_metal_star, kennysheep_cluttered_room, uniq_ijyb, uniq_grinder

Skill      XL: |  1  2  3 |
---------------+----------+-----
Spellcasting   | 3 |  3.7
Conjurations   | 1 2 |  2.2
Dodging        | |  1.7
Stealth        | |  1.7
Summonings     | |  0.8
Translocations | |  0.8

Action                   || total
-------------------------++-------
Melee: Whip              ||    12
       Spear             ||     8
 Cast: Magic Dart        ||   100
       Conjure Flame     ||     5
       Call Imp          ||     2
 Stab: Sleeping          ||     1
  Eat: Chunk             ||     5
Armor: Robe              ||     6
Dodge: Dodged            ||    29

Table legend:
 A = Spawn XP
 B = Non-spawn XP
 C = Spawn XP percentage of total XP
 D = Spawn monster count
 E = Non-spawn monster count
 F = Spawn count percentage of total count
 G = Total turns spent on level
                    A         B        C        D         E        F      G
               +---------+---------+-------+---------+---------+-------+---------
         Total |       0 |     100 |   0.0 |       0 |      47 |   0.0 |  2428
               +---------+---------+-------+---------+---------+-------+---------
           D:1 |       0 |      31 |   0.0 |       0 |      20 |   0.0 |  1055
           D:2 |       0 |      43 |   0.0 |       0 |      20 |   0.0 |  1138
           D:3 |       0 |      26 |   0.0 |       0 |       7 |   0.0 |   235
               +---------+---------+-------+---------+---------+-------+---------
